 Dungeon Crawl Stone Soup version 0.21.1-1-g345015f (webtiles) character file.

244 Kairos the Poker (level 6, -2/47 HPs)
             Began as a Merfolk Skald on Mar 25, 2018.
             Slain by Robin
             ... wielding a +0 whip
              (9 damage)
             ... on level 2 of the Dungeon.
             The game lasted 00:04:04 (2460 turns).

Kairos the Poker (Merfolk Skald)                    Turns: 2460, Time: 00:04:05

Health: -2/47      AC:  4    Str: 14    XL:     6   Next: 10%
Magic:  18/18      EV: 13    Int: 12    God:
Gold:   103        SH:  0    Dex: 13    Spells: 8/9 levels left

rFire    . . .     SeeInvis .   a - +0 spear
rCold    . . .     Gourm    .   (no shield)
rNeg     . . .     Faith    .   b - +0 leather armour
rPois    .         Spirit   .   (no helmet)
rElec    .         Reflect  .   (no cloak)
rCorr    .         Harm     +   n - +0 pair of gloves
MR       .....                  (no boots)
Stlth    ++........             l - amulet of harm
HPRegen  0.15/turn              h - ring of magical power
MPRegen  0.16/turn              (no ring)

@: lethally poisoned (-2 -> -2)
A: change form in water, swift swim, stealthy swim
a: no special abilities


You were on level 2 of the Dungeon.
You were hungry.

You visited 1 branch of the dungeon, and saw 2 of its levels.

You collected 103 gold pieces.

Inventory:

Hand Weapons
 a - a +0 spear (weapon)
Armour
 b - a +0 leather armour (worn)
 n - a +0 pair of gloves (worn)
Jewellery
 h - a ring of magical power (left hand)
 l - an amulet of harm (around neck)
 p - a +2 ring of protection {unknown}
Wands
 f - a wand of polymorph (7)
Scrolls
 e - 2 scrolls of enchant weapon {unknown}
 g - 3 scrolls of identify {unknown}
 i - 2 scrolls of teleportation {unknown}
 j - a scroll of fear {unknown}
 m - a scroll of remove curse {unknown}
Potions
 k - a potion of brilliance {unknown}
 o - a potion of berserk rage
Books
 c - a book of Battle

   Spells                             Type                      Level
   a - Infusion                       Charms                       1
   b - Shroud of Golubria             Charms/Translocation         2
   c - Song of Slaying                Charms                       2
   d - Spectral Weapon                Hexes/Charms                 3
   e - Regeneration                   Charms/Necromancy            3
Comestibles
 d - 4 rations
 q - a chunk of flesh


   Skills:
 + Level 3.2 Fighting
 + Level 5.8 Polearms
 + Level 2.0 Armour
 + Level 3.3 Dodging
 + Level 1.6 Stealth
 + Level 2.3 Spellcasting
 + Level 3.7 Charms


You had 8 spell levels left.
You knew the following spells:

 Your Spells              Type           Power        Failure   Level  Hunger
a - Infusion              Chrm           ##..         7%          1    ##.....


Dungeon Overview and Level Annotations

Branches:
Dungeon (2/15)

Altars:

Annotations:
D:2 Robin


Message History

You closely miss the goblin.
The goblin is severely wounded.
You feel sick.
You barely miss the goblin.
The goblin is severely wounded.
The goblin closely misses you.
You miss the goblin.
The goblin is severely wounded.
The goblin closely misses you.
You hit the goblin.
You kill the goblin!
Robin hits you but does no damage.
You hit Robin.
Robin is lightly wounded.
Robin hits you with a whip.
* * * LOW HITPOINT WARNING * * *
You hit Robin.
Robin is lightly wounded.
You feel sick. Robin hits you with a whip!
You die...

...≈≈.≈....# #
.≈..≈....# .S..... #[.!#
# #...# ## ##.## ##.
##.## ##..
...#.#########...####...
.......@gggg)gg.....'...
...#.#########...#.##...
#†.##.###.. #..##.# ##.
#...#.# ## #.#.#.# #
#.#.#.# #.#.#.# #.....#


You could see Robin (berserk), a hobgoblin and 4 goblins.

Vanquished Creatures
  Sigmund (D:2)
  3 adders (D:2)
  2 oozes (D:1)
  A worm (D:2)
  A dart slug (D:1)
  2 leopard geckos
  4 bats
  A giant cockroach (D:2)
  7 goblins
  5 hobgoblins
  4 jackals (D:1)
  A ball python (D:2)
  2 frilled lizards
  2 kobolds (D:1)
  3 rats (D:1)
39 creatures vanquished.

Notes
Turn   | Place    | Note
-------+----------+-------------------------------------------
     0 | D:1      | Kairos the Merfolk Skald began the quest for the Orb.
     0 | D:1      | Reached XP level 1. HP: 16/16 MP: 3/3
   126 | D:1      | Reached XP level 2. HP: 2/23 MP: 5/5
   630 | D:1      | Reached XP level 3. HP: 4/28 MP: 6/6
  1678 | D:2      | Noticed Sigmund
  1718 | D:2      | Killed Sigmund
  1718 | D:2      | Reached skill level 5 in Polearms
  1718 | D:2      | Reached skill level 1 in Armour
  1718 | D:2      | Reached skill level 1 in Stealth
  1718 | D:2      | Reached XP level 4. HP: 21/35 MP: 7/7
  1718 | D:2      | Reached XP level 5. HP: 25/41 MP: 7/8
  2356 | D:2      | Reached XP level 6. HP: 47/47 MP: 9/9
  2373 | D:2      | Noticed Robin
  2460 | D:2      | Slain by Robin

Skill      XL: |  1  2  3  4  5 |
---------------+----------------+-----
Dodging        | 3 |  3.3
Fighting       | 3 |  3.2
Polearms       | 5 |  5.8
Armour         | 1 2 |  2.0
Stealth        | 1 |  1.6
Spellcasting   | |  2.3
Charms         | |  3.7

Action                   |  1- 3 |  4- 6 || total
-------------------------+-------+-------++-------
Melee: Spear             |   105 |    93 ||   198
 Cast: Infusion          |     2 |       ||     2
  Use: Potion            |     2 |       ||     2
 Stab: Sleeping          |     1 |     1 ||     2
  Eat: Ration            |     1 |       ||     1
       Chunk             |       |     1 ||     1
Armor: Leather armour    |    11 |    14 ||    25
       Skin              |     4 |       ||     4
Dodge: Dodged            |    59 |    50 ||   109
